Description

1313

Replay - 4 - 2000_Atmospheres_LE_28

Build Order

Get SALT Encoding   

  12  0:00  SCV  
  13  0:12  SCV  
  14  0:17  Supply Depot  
  14  0:24  SCV  
  15  0:29  Refinery  
  15  0:38  SCV  
  16  0:47  Barracks  
  16  0:50  SCV  
  17  1:04  Engineering Bay  
  17  1:05  SCV  
  18  1:17  SCV  
  20  1:34  Orbital Command, Marine  
  20  1:40  Factory  
  20  1:52  Barracks Reactor, Supply Depot  
  20  2:00  SCV  
  21  2:12  SCV  
  22  2:18  Command Center  
  22  2:24  SCV  
  22  2:26  Factory Tech Lab  
  22  2:28  Marine x2  
  25  2:34  Supply Depot  
  26  2:45  Cyclone  
  26  2:47  Marine x2  
  31  2:54  Refinery  
  32  3:03  Barracks  
  32  3:08  Marine x2  
  35  3:27  Cyclone  
  39  3:36  Marine x2  
  42  3:48  Orbital Command  
  42  3:54  Marine  
  45  3:57  Barracks  
  45  4:03  Stimpack  
  45  4:08  Factory Tech Lab  
  47  4:12  Supply Depot  
  51  4:24  Bunker  
  53  4:33  Engineering Bay  
  53  4:38  Supply Depot  
  57  4:50  Combat Shield  
  57  4:59  Factory Reactor, Starport  
  59  5:01  Marauder x2  
  64  5:12  Terran Infantry Weapons Level 1  
  66  5:22  Refinery  
  70  5:40  Marauder x2  
  76  5:46  Factory Tech Lab  
  76  5:49  Medivac  
  78  5:54  Medivac  
  78  5:55  Refinery  
  83  6:02  Marauder x2  
  88  6:09  Siege Tank  
  91  6:24  Marauder  
  97  6:29  Medivac x2  
  103  6:46  Siege Tank  
  108  6:48  Marauder x2  
  107  7:10  Marauder  
  107  7:13  Terran Infantry Armor Level 1  
  111  7:17  Medivac  
  111  7:19  Command Center  
  113  7:23  Concussive Shells  
  115  7:34  Siege Tank  
  122  7:56  Barracks x2  
  126  8:17  Siege Tank  
  124  8:36  Orbital Command  
  130  8:49  Siege Tank  
  130  8:52  Barracks Tech Lab  
  130  8:53  Barracks Reactor  
  135  8:57  Viking x2  
  148  9:31  Liberator x2  
  156  9:52  Siege Tank  
Spawning Tool Build Advisor. Get it on Overwolf

Go to:

Details

  • Created by: lucahecker
  • Published on: Nov 27, 2021
  • Modified on: Nov 27, 2021
  • Patch: 4.11.0
  • Difficulty: Hard
Show
View Real Time Build Order
Export as new Build Order

Comments (0)

There are no comments. Be the first!

Create an account to comment!